 Dungeon Crawl Stone Soup version 0.31-a0-187-gba352fbbf7 (webtiles) character file.

Game seed: 16724909651683761856

67 qw the Shooter (level 4, 0/25 HPs)
             Began as a Deep Elf Hunter on June 22, 2023.
             Slain by Terence
             ... wielding a +0 falchion
              (8 damage)
             ... on level 2 of the Dungeon.
             The game lasted 00:00:35 (1314 turns).

qw the Shooter (Deep Elf Hunter)                    Turns: 1314, Time: 00:00:36

Health: 0/25       AC:  3    Str: 10    XL:     4   Next: 0%
Magic:  6/6        EV: 12    Int: 14    God:
Gold:   27         SH:  0    Dex: 18    Spells: 3/3 levels left

rFire   . . .        Y - +0 shortbow
rCold   . . .        (shield currently unavailable)
rNeg    . . .        c - +0 leather armour
rPois   .            (no helmet)
rElec   .            (no cloak)
rCorr   .            (no gloves)
SInv    .            (no boots)
Will    .....        (no amulet)
Stlth   ++           (no ring)
HPRegen 0.24/turn    (no ring)
MPRegen 0.10/turn

%: no passive effects
@: no status effects
A: no striking features
a: no special abilities


You were on level 2 of the Dungeon.
You visited 1 branch of the dungeon, and saw 2 of its levels.

You collected 111 gold pieces.
You spent 84 gold pieces at shops.


   Skills:
 - Level 1.5 Fighting
 + Level 7.4 Ranged Weapons
 - Level 2.4 Dodging
 - Level 1.2 Stealth


You had 3 spell levels left.
You didn't know any spells.
Your spell library was empty.

Inventory:

Hand Weapons
 Y - a +0 shortbow (weapon)
Armour
 c - a +0 leather armour (worn)
 h - a +0 helmet
Scrolls
 a - a scroll of blinking {unknown}
 d - a scroll of immolation {unknown}
 i - 3 scrolls of identify
Potions
 b - a potion of cancellation {unknown}
 e - a potion of enlightenment {unknown}
 f - a potion of curing {unknown}
 g - a potion of mutation {unknown}

Dungeon Overview and Level Annotations

Branches:
Dungeon (2/15)

Altars:

Shops:
D:1 ?   D:2 [

Annotations:
D:2 Terence


Message History

Found a stone staircase leading down.
Enter note:
Enter note:
Enter note:
Enter note:
Enter note:
Enter note:
Enter note:
Enter note:
Enter note:
Enter note: Terence the Incautious comes into view.
He is wielding a +0 falchion.
Enter note:
Enter note:
Enter note:
Enter note:
Enter note:
Enter note:
Enter note:
Enter note:
Enter note: You shoot an arrow.
The arrow hits Terence but does no damage.
Terence shouts!
You shoot an arrow. The arrow hits Terence.
Terence is moderately wounded.
Terence bares his teeth.
Terence hits you but does no damage. Terence hits you with a +0 falchion.
You shoot an arrow.
The arrow hits Terence but does no damage.
Terence is moderately wounded.
Terence barely misses you.
You shoot an arrow. The arrow barely misses Terence.
Terence hits you with a +0 falchion.
You shoot an arrow. The arrow hits Terence!
Terence is severely wounded.
Terence hits you with a +0 falchion!
You shoot an arrow. The arrow barely misses Terence.
Terence hits you with a +0 falchion!
You die...

#..# #....####. #...
...#... ######..### .
#...... ##...#....##.#
#....## ##.........##(#
##...##.
#.............###...##..
#...........#..#.>#....#
#>..........#....###..#7
#[...@@........###..##.
##...#...##.....##...#\
### ###.###[#.....#.##
#.##............
#.###.#..#......
#.##..#..#.....#
#.#..#..........
##...#..#........
####...#...#........


You could see Terence.

Vanquished Creatures
  A worm (D:2)
  2 dart slugs (D:1)
  5 ball pythons
  3 bats (D:1)
  3 endoplasms
  3 giant cockroaches (D:1)
  7 goblins
  6 hobgoblins
  8 jackals (D:1)
  A quokka (D:2)
  7 frilled lizards
  4 kobolds
  2 rats (D:1)
52 creatures vanquished.

Notes
Turn   | Place    | Note
-------+----------+-------------------------------------------
     0 | D:1      | qw the Deep Elf Hunter began the quest for the Orb.
     0 | D:1      | Reached XP level 1. HP: 12/12 MP: 3/3
     0 | D:1      | 0 ||| qw: Version: 0.3-a-9-g12657ce
     0 | D:1      | 0 ||| qw: Game counter: 1971
     0 | D:1      | 0 ||| qw: Always use a shield: true
     0 | D:1      | 0 ||| qw: God list: Okawaru
     0 | D:1      | 0 ||| qw: Allow faded altars: false
     0 | D:1      | 0 ||| qw: Do Orc after D:15 true
     0 | D:1      | 0 ||| qw: Do second Lair branch before Depths: true
     0 | D:1      | 0 ||| qw: Lair rune preference: random
     0 | D:1      | 0 ||| qw: Plans: Normal
     0 | D:1      | 0 ||| PLANNING D:1-11
   108 | D:1      | Found a faded altar of an unknown god.
   125 | D:1      | Reached skill level 6 in Ranged Weapons
   125 | D:1      | Reached XP level 2. HP: 16/16 MP: 4/4
   572 | D:1      | Reached XP level 3. HP: 20/20 MP: 5/5
   709 | D:1      | Found Mesuas's Magic Scroll Emporium.
   713 | D:1      | 713 ||| BUYING scroll of identify (26 gold).
   713 | D:1      | Bought a scroll of identify for 26 gold pieces
   713 | D:1      | 713 ||| SHOPLISTING scroll of identify (26 gold, have 5).
   713 | D:1      | 713 ||| SHOPLISTING scroll of teleportation (39 gold, have
                  | 5).
   847 | D:1      | Reached skill level 7 in Ranged Weapons
  1019 | D:1      | 1019 ||| READING scroll labelled TETOARA CAPLI.
  1023 | D:1      | 1023 ||| READING scroll labelled QOYLAO ZYETY.
  1024 | D:1      | 1024 ||| READING scroll labelled UZUSUDE QIFY.
  1025 | D:1      | 1025 ||| READING scroll labelled FIGRIUMOUSH.
  1026 | D:1      | 1026 ||| DROPPING scroll of butterflies.
  1211 | D:2      | 1211 ||| FLEEEEING.
  1212 | D:2      | 1212 ||| FLEEEEING.
  1213 | D:2      | 1213 ||| FLEEEEING.
  1214 | D:2      | 1214 ||| FLEEEEING.
  1215 | D:2      | 1215 ||| FLEEEEING.
  1216 | D:2      | 1216 ||| FLEEEEING.
  1217 | D:2      | 1217 ||| FLEEEEING.
  1234 | D:2      | Found Paskosum's Armour Emporium.
  1248 | D:2      | 1248 ||| BUYING +0 helmet (58 gold).
  1248 | D:2      | Bought a +0 helmet for 58 gold pieces
  1248 | D:2      | 1248 ||| SHOPLISTING +0 ring mail (52 gold, have 27).
  1248 | D:2      | 1248 ||| SHOPLISTING +1 leather armour of cold resistance
                  | (182 gold, have 27).
  1248 | D:2      | 1248 ||| SHOPLISTING +1 robe of fire resistance (165 gold,
                  | have 27).
  1261 | D:2      | Reached XP level 4. HP: 25/25 MP: 6/6
  1308 | D:2      | Noticed Terence
  1314 | D:2      | Slain by Terence

Levels and vault maps discovered:
D:1:      evilmike_arrival_hilbert_curve, layout_loops_corners,
          chequers_ecumenical_altar_twisty, serial_shops,
          nicolae_shop_back_alley_shop
D:2:      layout_rooms, serial_shops, nicolae_shop_pleasant_corner_grove,
          uniq_terence

Skill      XL: |  1  2  3 |
---------------+----------+-----
Ranged Weapons | 6 7 |  7.4
Fighting       | |  1.5
Dodging        | |  2.4
Stealth        | |  1.2

Action                     |  1- 3 |  4- 6 || total
---------------------------+-------+-------++-------
   Fire: Shortbow          |   140 |     6 ||   146
    Use: Scroll            |     4 |       ||     4
 Armour: Leather armour    |    16 |     1 ||    17
  Dodge: Dodged            |    31 |     1 ||    32

Table legend:
 A = Non-vault XP
 B = Vault XP
 C = Vault XP percentage of total XP
 D = Non-vault monster count
 E = Vault monster count
 F = Vault count percentage of total count
                 A         B        C        D         E       F
            +---------+---------+-------+---------+---------+-------
      Total |      97 |       0 |   0.0 |      52 |       0 |   0.0
            +---------+---------+-------+---------+---------+-------
        D:1 |      63 |       0 |   0.0 |      34 |       0 |   0.0
        D:2 |      34 |       0 |   0.0 |      18 |       0 |   0.0
            +---------+---------+-------+---------+---------+-------
